 Dungeon Crawl Stone Soup version 0.30-a0-777-ga9a30cbeda (webtiles) character file.

Game seed: 1920015541700436159

28 sircluck the Sneak (level 2, 0/15 HPs)
             Began as a Spriggan Brigand on Feb 13, 2023.
             Slain by a jackal (2 damage)
             ... on level 1 of the Dungeon.
             The game lasted 00:02:05 (743 turns).

sircluck the Sneak (Spriggan Brigand)                Turns: 743, Time: 00:02:06

Health: 0/15       AC:  3    Str:  7    XL:     2   Next: 96%
Magic:  3/3        EV: 16    Int: 12    God:
Gold:   22         SH:  0    Dex: 16    Spells: 1/1 levels left

rFire   . . .      SeeInvis +    a - +2 dagger
rCold   . . .      Faith    .    (no shield)
rNeg    . . .      Spirit   .    b - +0 robe
rPois   .          Reflect  .    (helmet restricted)
rElec   .          Harm     .    c - +0 cloak
rCorr   .          Rampage  .    (gloves unavailable)
Will    .....                    (boots unavailable)
Stlth   +++                      (no amulet)
HPRegen 0.22/turn                (no ring)
MPRegen 0.08/turn                (no ring)

@: very quick
A: very small, no large weapons, unfitting armour, see invisible, speed 3
a: no special abilities


You were on level 1 of the Dungeon.
You visited 1 branch of the dungeon, and saw 2 of its levels.

You collected 22 gold pieces.

Inventory:

Hand Weapons
 a - a +2 dagger (weapon)
Missiles
 d - 9 poisoned darts (quivered)
 e - 3 curare-tipped darts
 k - 6 boomerangs
Armour
 b - a +0 robe (worn)
 c - a +0 cloak (worn)
Scrolls
 f - a scroll of enchant armour {unknown}
 h - a scroll of identify {unknown}
 m - a scroll of immolation {unknown}
 n - a scroll of poison {unknown}
 o - a scroll of enchant weapon {unknown}
Potions
 g - a potion of curing {unknown}
 i - a potion of heal wounds {unknown}
 j - a potion of resistance {unknown}
 l - a potion of mutation {unknown}
 p - 2 potions of lignification {unknown}
 q - a potion of brilliance {unknown}


   Skills:
 + Level 2.0 Fighting
 + Level 2.6 Short Blades
 + Level 2.0 Throwing
 + Level 1.3 Dodging
 + Level 6.7 Stealth


You had one spell level left.
You didn't know any spells.
Your spell library was empty.

Dungeon Overview and Level Annotations

Branches:
Dungeon (2/15)

Altars:


Innate Abilities, Weirdness & Mutations

You are very small and have problems with some larger weapons.
You are too small for most types of armour.
You have supernaturally acute eyesight. (SInv)
You cover ground extremely quickly. (Speed+++)


Message History

The kobold throws a stone.
The stone hits you but does no damage. The bat hits you but does no damage.
The bat closely misses you.
You hit the bat.
The bat is severely wounded.
The bat completely misses you. The bat hits you.
* * * LOW HITPOINT WARNING * * *
You closely miss the bat.
The bat is severely wounded.
The bat barely misses you.
A jackal comes into view.
The bat misses you.
You miss the bat.
The bat is severely wounded.
The bat barely misses you.
The jackal barks! x2
You hit the bat.
You kill the bat!
The endoplasm jiggles.
The jackal misses you.
A ball python comes into view.
The jackal misses you.
The ball python hisses angrily.
The jackal bites you.
* * * LOW HITPOINT WARNING * * *
There is a stone staircase leading up here.
The jackal misses you. The jackal bites you.
* * * LOW HITPOINT WARNING * * *
The dart slug barely misses you.
You climb upwards.
There is a stone staircase leading down here.
You hit the dart slug.
The dart slug is moderately wounded.
The jackal bites you but does no damage.
The jackal completely misses you.
You barely miss the dart slug.
The dart slug is moderately wounded.
The jackal barely misses you. The jackal bites you.
You die...

##### #.h.##
#@w..####
##h#.....##
#...#.....#
#...###.#.#########
#.......#.#........
#..######.#.#######
#.....# #...#.÷..÷.
##.##.# #####.÷....
#.##.# #÷÷.÷÷.


You could see a dart slug and 2 jackals.

Vanquished Creatures
  2 ball pythons (D:1)
  2 bats
  An endoplasm (D:1)
  3 giant cockroaches (D:1)
  5 goblins
  3 hobgoblins (D:1)
  5 kobolds (D:1)
  2 frilled lizards (D:1)
23 creatures vanquished.

Vanquished Creatures (others)
  3 fungi (D:1)
  3 plants (D:1)
6 creatures vanquished.

Grand Total: 29 creatures vanquished

Notes
Turn   | Place    | Note
-------+----------+-------------------------------------------
     0 | D:1      | sircluck the Spriggan Brigand began the quest for the Orb.
     0 | D:1      | Reached XP level 1. HP: 10/10 MP: 2/2
    46 | D:1      | Reached skill level 6 in Stealth
   148 | D:1      | Reached XP level 2. HP: 12/15 MP: 3/3
   176 | D:1      | Found a faded altar of an unknown god.
   631 | D:2      | Noticed a scorpion
   743 | D:1      | Slain by a jackal

Illustrated notes

Levels and vault maps discovered:
D:1:      heliophobic_arrival_battle_scene, layout_basic,
          dreamdust_ecumenical_altar_hidden_monk_grotto
D:2:      layout_rooms

Skill      XL: |  1  2 |
---------------+-------+-----
Stealth        | 6 |  6.7
Fighting       | 2 |  2.0
Short Blades   | |  2.6
Throwing       | |  2.0
Dodging        | |  1.3

Action                     || total
---------------------------++-------
  Melee: Dagger            ||   103
   Stab: Sleeping          ||     7
 Armour: Robe              ||    20
  Dodge: Dodged            ||    80

Table legend: (Time is in decaauts)
 A = Elapsed time spent in this place.
 B = Non-inter-level travel time spent in this place.
 C = Inter-level travel time spent in this place.
 D = Time resting spent in this place.
 E = Time spent auto-exploring this place.
 F = Levels seen in this place.
 G = Mean time per level.
                   A        B        C        D        E       F      G
               +--------+--------+--------+--------+--------+-----+--------+
         Total |    508 |    502 |      6 |      0 |    290 |   2 |  254.0 |
       Dungeon |    508 |    502 |      6 |      0 |    290 |   2 |  254.0 |
               +--------+--------+--------+--------+--------+-----+--------+

Top non-repeatable levels by time:
     D:1: 431 daAuts
     D:2: 77 daAuts
